 Dungeon Crawl Stone Soup version 0.16.0-17-g811c1d7 (console) character file.

13009 partyhat the Basher (level 11, -16/81 HPs)
             Began as a Mummy Chaos Knight on Mar 20, 2015.
             Demolished by a polar bear (23 damage)
             ... on level 2 of the Lair of Beasts.
             The game lasted 00:52:13 (15301 turns).

partyhat the Basher (Mummy Chaos Knight)           Turns: 15301, Time: 00:52:13

Health: -16/81     AC: 11    Str: 18    XL:     11   Next: 69%
Magic:  24/24      EV: 11    Int: 11    God:    Xom [......]
Gold:   393        SH:  0    Dex: 11    Spells: 0 memorised, 10 levels left

rFire  . . .     SeeInvis .     a - +2 flail (protect) {@w1}
rCold  + . .     Clarity  .     q - +2 robe {rF+}
rNeg   + + +     SustAb   .     (no shield)
rPois  ∞         Gourm    .     (no helmet)
rElec  .         Spirit   .     u - +0 cloak
rCorr  .         Warding  .     (no gloves)
rMut   .         Stasis   .     L - +0 pair of boots
MR     +....                    T - amulet of faith {!P}
Stlth  +.........               (no ring)
                                D - ring of flight

@: somewhat resistant to hostile enchantments, very unstealthy
A: no food or potions, fire vulnerability, restore body, cold resistance 1,
negative energy resistance 3, poison resistance, torment resistance, unbreathing
a: Renounce Religion, Evoke Flight


You were on level 2 of the Lair of Beasts.
You worshipped Xom.
You were a very special plaything of Xom.
You were not hungry.

You visited 2 branches of the dungeon, and saw 13 of its levels.

You collected 562 gold pieces.
You spent 169 gold pieces at shops.


Innate Abilities, Weirdness & Mutations

You do not eat or drink.
Your flesh is vulnerable to fire.
Your flesh is cold resistant.
You are immune to negative energy.
Your system is resistant to poisons.
You are immune to unholy pain and torment.
You can survive without breathing.


   Skills:
 + Level 5.7 Fighting
 - Level 12.0 Maces & Flails
 - Level 1.5 Armour
 - Level 0.7 Dodging
 - Level 10.6 Evocations


You had 10 spell levels left.
You didn't know any spells.

Inventory:

Hand weapons
 a - a +2 flail of protection (weapon) {@w1}
 p - a +1 scimitar of flaming
 s - a +1 dagger of venom
 t - a +0 morningstar
 w - a +0 blowgun
 z - a +0 dagger of flaming
 G - the +2 hunting sling of Inconvenience {velocity, -Cast +Inv MR- Str+4 Int+6}
   (You found it on level 6 of the Dungeon)

   Any stone fired from it inflicts extra damage.
   It affects your strength (+4).
   It affects your intelligence (+6).
   It affects your resistance to hostile enchantments.
   It lets you turn invisible.
   It prevents spellcasting.
 K - a +2 short sword of protection
 P - a +0 mace of chaos
Missiles
 d - 6 javelins of penetration (quivered)
 f - 5 curare-tipped needles
 m - 10 tomahawks
 n - 51 poisoned needles
 O - 2 throwing nets
Armour
 e - a +0 plate armour
 q - a +2 robe of fire resistance (worn)
 u - a +0 cloak (worn)
 x - a +1 chain mail of poison resistance
 L - a +0 pair of boots (worn)
 R - the +1 leather armour of the Scribe {rPois rC+ SInv}
   (You found it on level 10 of the Dungeon)

   It protects you from cold.
   It protects you from poison.
   It enhances your eyesight.
Magical staves
 v - an uncursed staff of air
 C - an uncursed staff of poison {!a}
 J - an uncursed staff of wizardry {!a}
Rods
 b - a +8 rod of inaccuracy (3/13) {!a,@w2}
   (Xom gifted it to you on level 5 of the Dungeon)
 H - a +3 rod of ignition (12/15) {!a,@w3}
   (Xom gifted it to you on level 6 of the Dungeon)
Jewellery
 A - an uncursed ring of teleportation
 D - a ring of flight (left hand)
 T - an amulet of faith (around neck) {!P}
Magical devices
 l - a wand of draining (3)
 B - a wand of polymorph (9)
 E - a wand of flame (25)
 I - a wand of polymorph (11)
 M - a wand of fireball (3)
 Q - a wand of confusion (20)
 S - a wand of digging (15)
Scrolls
 c - 4 scrolls of magic mapping
 g - 2 scrolls of fear
 h - 3 scrolls of fog
 i - 5 scrolls of remove curse
 j - 3 scrolls of noise
 k - a scroll of blinking
 o - 2 scrolls of enchant armour
 r - 3 scrolls of enchant weapon
 y - 5 scrolls of teleportation
 F - a scroll of silence {!r}


Message History

The polar bear is almost dead.
The polar bear goes berserk!
Xom thinks this is hilarious!
You miss the polar bear.
The polar bear is almost dead.
The polar bear barely misses you. The polar bear claws you.
The polar bear claws you.
You hit the polar bear.
The polar bear is almost dead.
The polar bear bites you!! The polar bear claws you. The polar bear claws you!
The polar bear bites you!!
* * * LOW HITPOINT WARNING * * *
The polar bear claws you.
* * * LOW HITPOINT WARNING * * *
The polar bear barely misses you.
Enter note: rip You feel less confused.
The polar bear bites you!!
You die...
Xom chortles!

#.....#.......#.....#..####
#....## , #..##........##
......#,*##..##.........# ###
......# ##...##...##....###.#
..P..####....#....##....##P##
....##.P##..##.........(P..#
....#....#%##.............##
....###....##..............#
..#..####...##..@.........##
..#............h.......#...#
...[...#............##.##.##
......##...........###.####
.#...##...........P.#### ###
###[................# ###.#
##..................## #P.##
##...................####..##
#............P.........#....#


You could see a polar bear (berserk).

Vanquished Creatures
  Harold (D:9)
  A hydra (Lair:2)
  Maurice (D:8)
  3 spiny frogs (Lair:2)
  A komodo dragon (Lair:2)
  A centaur skeleton (D:10)
  2 polar bears (Lair:2)
  7 blink frogs
  2 trolls (D:9)
  A basilisk (Lair:2)
  2 deep elf magi
  3 yaks (Lair:1)
  2 hungry ghosts
  Grum (D:8)
  A hippogriff (Lair:2)
  2 wolves (D:8)
  Edmund (D:9)
  3 small abominations
  A necrophage (D:9)
  6 water moccasins
  3 porcupines
  7 black bears
  4 ogres
  A deep dwarf (Lair:1)
  4 phantoms
  3 sky beasts
  2 wasps
  2 crocodiles (Lair:1)
  2 big kobolds
  Duvessa (D:8)
  4 centaurs
  11 giant frogs
  2 scorpions
  6 crimson imps
  Dowan (D:8)
  4 goliath beetles
  2 jellies
  An orc priest (D:2)
  2 giant frog zombies
  5 hounds
  2 quasits
  A giant frog skeleton (D:7)
  3 orc wizards
  6 iguanas
  8 worker ants
  3 gnolls (D:9)
  22 river rats
  16 adders
  A giant mite (shapeshifter) (D:7)
  4 worms
  2 adder skeletons
  An ooze (D:1)
  14 orcs
  19 bats
  2 gnoll zombies (D:8)
  11 hobgoblins
  15 jackals
  37 kobolds
  10 quokkas
  3 ball pythons
  5 giant cockroaches
  6 giant geckos
  A giant gecko skeleton (D:4)
  4 giant newts
  3 giant spores
  5 goblins
  A jackal skeleton (D:7)
  A jackal zombie (D:5)
  A quokka skeleton (D:9)
  20 rats
  6 ballistomycetes
  A fungus (Lair:2)
  A plant (D:10)
344 creatures vanquished.

Vanquished Creatures (collateral kills)
  Erica (Lair:2)
1 creature vanquished.

Vanquished Creatures (others)
  A small abomination (D:8)
  A crimson imp (Lair:2)
  A shadow imp (Lair:1)
  A giant spore (D:10)
  A ballistomycete (D:10)
  A fungus (Lair:2)
6 creatures vanquished.

Grand Total: 351 creatures vanquished

Notes
Turn   | Place    | Note
--------------------------------------------------------------
     0 | D:1      | partyhat, the Mummy Chaos Knight, began the quest for the Orb.
     0 | D:1      | Reached XP level 1. HP: 18/18 MP: 1/1
   220 | D:1      | Reached XP level 2. HP: 24/24 MP: 2/2
   371 | D:1      | Reached skill level 3 in Maces & Flails
   458 | D:1      | XOM: harmless Air miscast
   459 | D:1      | XOM: divination: detect items
  1159 | D:2      | Reached XP level 3. HP: 26/29 MP: 3/3
  1192 | D:2      | XOM: potion effect (brilliance)
  1521 | D:2      | XOM: harmless Fire miscast
  1538 | D:2      | Reached skill level 4 in Maces & Flails
  1591 | D:2      | XOM: harmless Hex miscast
  1682 | D:2      | XOM: mild Air miscast
  1713 | D:2      | XOM: smoke on damage
  1714 | D:2      | Reached XP level 4. HP: 32/35 MP: 4/4
  2781 | D:3      | hi
  2783 | D:3      | XOM: stat loss: -1 Int (10/11)
  2823 | D:2      | Reached XP level 5. HP: 25/41 MP: 5/5
  3177 | D:3      | XOM: mild Summ miscast
  3227 | D:3      | huh this rc is bad
  3646 | D:3      | XOM: medium Hex miscast
  4028 | D:4      | Noticed a phantom
  4093 | D:4      | XOM: harmless Chrm miscast
  4131 | D:4      | XOM: blink monster(s)
  4136 | D:4      | XOM: chaos cloud
  4248 | D:3      | XOM: summons 2 hostile shadow creatures
  4292 | D:3      | Reached skill level 5 in Maces & Flails
  4319 | D:4      | XOM: confusion
  4321 | D:4      | thanks xom
  4332 | D:4      | XOM: 1-stop teleportation journey
  4412 | D:4      | XOM: cast spell 'Warp Weapon'
  4415 | D:4      | mace of... distortion?????
  4481 | D:3      | XOM: 1-stop teleportation journey
  4497 | D:3      | XOM: noise
  4677 | D:4      | Noticed a water moccasin
  4713 | D:4      | XOM: god gift: 18 stones
  4733 | D:4      | XOM is BORED!
  4733 | D:4      | XOM: medium Air miscast
  4782 | D:3      | XOM: divination: detect creatures
  4833 | D:4      | XOM: divination: detect creatures
  4843 | D:3      | XOM: cast spell 'Olgreb's Toxic Radiance'
  4845 | D:3      | Killed a water moccasin
  4845 | D:3      | Reached XP level 6. HP: 29/47 MP: 6/6
  4971 | D:3      | Reached skill level 6 in Maces & Flails
  5108 | D:3      | Killed a phantom
  5181 | D:4      | Found an opulent altar of Gozag.
  5182 | D:4      | Found a glowing silver altar of Zin.
  5370 | D:4      | Found a shimmering altar of Xom.
  5380 | D:4      | Found Qigitap's Assorted Antiques.
  5389 | D:4      | Bought a scroll labeled XAOBBE SABBERI for 26 gold pieces
  5389 | D:4      | Bought a scroll labeled ACKUYMU FRUANT for 26 gold pieces
  5389 | D:4      | Bought a shiny chain mail for 117 gold pieces
  5389 | D:4      | XOM: divination: magic mapping
  5431 | D:3      | meeeeeh
  5489 | D:4      | Noticed a centaur
  5493 | D:4      | Killed a centaur
  5493 | D:4      | Reached XP level 7. HP: 30/52 MP: 7/7
  5495 | D:4      | XOM: cast spell 'Confusing Touch'
  5684 | D:5      | XOM: stealth player
  5684 | D:5      | Entered Level 5 of the Dungeon
  5684 | D:5      | Found a glowing golden altar of the Shining One.
  5746 | D:5      | XOM: colour smoke trail
  5748 | D:5      | XOM: god gift: knobbly jewelled rod {god gift}
  5750 | D:5      | XOM: mild Pois miscast
  5751 | D:5      | wow nice
  5756 | D:5      | Reached skill level 7 in Maces & Flails
  5757 | D:5      | hahaha
  5857 | D:5      | Found a blossoming altar of Fedhas.
  5858 | D:5      | Found a snail-covered altar of Cheibriados.
  6019 | D:5      | Found Twidghuto's Food Shop.
  6098 | D:3      | Reached skill level 1 in Evocations
  6460 | D:6      | XOM: 4-stop teleportation journey
  6521 | D:6      | XOM: 5-stop teleportation journey
  6540 | D:6      | XOM: harmless Conj miscast
  6545 | D:6      | XOM: summons friendly white imp
  6548 | D:6      | XOM: fake destruction
  6554 | D:6      | Reached XP level 8. HP: 56/58 MP: 9/11
  6656 | D:6      | Got a bloodstained hunting sling
  6657 | D:6      | mmmmm
  6657 | D:6      | Identified the +2 hunting sling of Inconvenience {velocity, -Cast +Inv MR- Str+4 Int+6} (You found it on level 6 of the Dungeon)
  6658 | D:6      | hahah
  6658 | D:6      | good -cast +6 int
  6773 | D:6      | XOM: god gift: knobbly runed rod {god gift}
  6778 | D:6      | wow good god
  6816 | D:6      | Reached skill level 3 in Evocations
  6829 | D:6      | Found a staircase to the Ecumenical Temple.
  6998 | D:7      | Found an ancient bone altar of Kikubaaqudgha.
  7082 | D:7      | XOM: confusion
  7088 | D:7      | XOM: harmless Divn miscast
  7099 | D:7      | Reached skill level 8 in Maces & Flails
  7187 | D:7      | XOM: polymorph hound -> river rat
  7424 | D:7      | XOM: noise
  7589 | D:7      | Got a crude chain mail
  7639 | D:6      | Identified the cursed -2 chain mail of Umonweomn {Int+7 Dex+5} (You found it on level 7 of the Dungeon)
  7639 | D:6      | fuck all
  7986 | D:8      | XOM: mild Erth miscast
  8002 | D:8      | XOM: mild Fire miscast
  8047 | D:8      | Noticed Maurice
  8051 | D:8      | Killed Maurice
  8051 | D:8      | Reached skill level 9 in Maces & Flails
  8051 | D:8      | Reached XP level 9. HP: 63/63 MP: 15/17
  8072 | D:8      | Found a basalt altar of Yredelemnul.
  8099 | D:8      | XOM: noise
  8150 | D:8      | XOM: harmless Erth miscast
  8243 | D:8      | XOM: medium Summ miscast
  8248 | D:8      | hahahaha
  8252 | D:8      | nice
  8314 | D:8      | Noticed Grum
  8318 | D:8      | XOM: silly message
  8320 | D:8      | Killed Grum
  8320 | D:8      | Reached skill level 6 in Evocations
  8639 | D:8      | Noticed Duvessa
  8645 | D:8      | Noticed Dowan
  8670 | D:8      | XOM: enchant monster (bad)
  8680 | D:8      | XOM: noise
  8683 | D:8      | XOM: mild Erth miscast
  8689 | D:8      | Killed Duvessa
  8793 | D:8      | XOM: mild Erth miscast
  8921 | D:8      | Killed Dowan
  9258 | D:8      | XOM: harmless Divn miscast
  9536 | D:9      | Noticed Edmund
  9546 | D:9      | XOM: blink monster(s)
  9547 | D:9      | hi
  9562 | D:9      | Killed Edmund
  9562 | D:9      | Reached skill level 10 in Maces & Flails
  9568 | D:9      | mmm boring but better
  9704 | D:9      | Found a glowing golden altar of the Shining One.
 10006 | D:9      | Reached XP level 10. HP: 67/70 MP: 20/20
 10137 | D:9      | XOM: summons 3 hostile shadow creatures
 10202 | D:9      | XOM: harmless Hex miscast
 10308 | D:10     | Entered Level 10 of the Dungeon
 10308 | D:10     | Noticed Harold
 10311 | D:9      | XOM: confusion (+ monsters)
 10314 | D:9      | XOM: repel stairs
 10325 | D:9      | Killed Harold
 10330 | D:9      | huh
 10390 | D:9      | XOM: silly message
 10415 | D:10     | XOM: divination: magic mapping
 10429 | D:9      | XOM: severe Erth miscast
 10493 | D:10     | XOM: enchant monster (good)
 10563 | D:10     | Found a staircase to the Orcish Mines.
 10657 | D:10     | Got a heavily runed leather armour
 10663 | D:10     | XOM: harmless Divn miscast
 10750 | D:10     | XOM: chaos cloud
 10757 | D:10     | Paralysed by you for 7 turns
 10810 | D:10     | XOM: harmless Ice miscast
 10899 | D:10     | Reached skill level 9 in Evocations
 10934 | D:10     | XOM: harmless Tloc miscast
 10943 | D:10     | Found a staircase to the Lair.
 11056 | D:10     | Reached skill level 11 in Maces & Flails
 11072 | D:10     | XOM: colour smoke trail
 11323 | D:11     | Noticed a brown ugly thing
 11346 | D:10     | a brown ugly thing changed into something unseen
 11346 | D:10     | XOM: polymorph brown ugly thing -> something unseen
 11348 | D:10     | hahahahaah
 11478 | Lair:1   | Entered Level 1 of the Lair of Beasts
 11613 | Lair:1   | Identified the +1 leather armour of the Scribe {rPois rC+ SInv} (You found it on level 10 of the Dungeon)
 11627 | Lair:1   | +4 glaive mmm
 11707 | Lair:1   | XOM: confuse monster(s)
 11819 | Lair:1   | XOM: enchant monster (bad)
 12057 | Lair:1   | XOM: harmless Chrm miscast
 12161 | Lair:1   | XOM: potion effect (haste)
 12256 | Lair:1   | Noticed a black mamba
 12261 | Lair:1   | a black mamba changed into a two-headed ogre
 12261 | Lair:1   | XOM: polymorph black mamba -> two-headed ogre
 12270 | Lair:1   | XOM: cast spell 'Metabolic Englaciation'
 12281 | Lair:1   | XOM: silly message
 12284 | Lair:1   | XOM: polymorph two-headed ogre -> deep dwarf
 12292 | Lair:1   | XOM: medium Summ miscast
 12294 | Lair:1   | XOM: summons friendly shadow imp
 12492 | Lair:2   | XOM: swap monsters
 12565 | Lair:2   | XOM: silly message
 12623 | Lair:2   | XOM: god gift: 6 javelins of penetration
 12647 | Lair:2   | XOM: swap monsters
 12650 | Lair:2   | Reached XP level 11. HP: 75/75 MP: 23/23
 12664 | Lair:2   | XOM: divination: detect creatures
 12684 | Lair:2   | XOM: enchant monster (good)
 12976 | Lair:2   | Noticed a five-headed hydra
 12980 | Lair:2   | Killed a five-headed hydra
 13109 | Lair:2   | XOM: silly message
 13124 | Lair:2   | XOM: harmless Erth miscast
 13139 | Lair:2   | XOM: summons friendly crimson imp
 13140 | Lair:2   | XOM: snakes to sticks
 13171 | Lair:1   | XOM: god gift: ring mail {god gift}
 13185 | Lair:1   | thanks
 13319 | Lair:2   | XOM: god gift: 6 arrows of flame
 13327 | Lair:2   | Noticed Erica
 13328 | Lair:2   | hi
 13594 | Lair:2   | HP: 15/75 [river rat (7)]
 13597 | Lair:1   | HP: 6/75 [river rat (6)]
 13602 | Lair:1   | good moves
 13824 | Lair:1   | XOM: silly message
 13978 | Lair:2   | XOM: harmless Pois miscast
 13988 | Lair:2   | XOM: mild Conj miscast
 13994 | Lair:2   | XOM: confuse monster(s)
 14040 | Lair:1   | Reached skill level 12 in Maces & Flails
 14163 | Lair:1   | XOM: medium Conj miscast
 14181 | Lair:1   | XOM: scenery: 1 doors open
 14194 | Lair:1   | XOM: scenery: 1 doors close
 14459 | Lair:2   | XOM: divination: magic mapping
 14598 | Lair:2   | XOM: divination: magic mapping
 15102 | Lair:2   | XOM: divination: detect creatures
 15105 | Lair:2   | XOM: divination: detect creatures
 15108 | Lair:2   | XOM: confuse monster(s)
 15110 | Lair:2   | XOM: summons friendly crimson imp
 15113 | Lair:2   | XOM: cast spell 'Summon Horrible Things'
 15130 | Lair:2   | Killed Erica
 15148 | Lair:2   | mmm :/
 15169 | Lair:2   | wow i hate this already
 15238 | Lair:2   | XOM: blink monster(s)
 15293 | Lair:2   | XOM: confusion
 15299 | Lair:2   | HP: 9/81 [polar bear (22)]
 15300 | Lair:2   | rip
 15301 | Lair:2   | Demolished by a polar bear

Vault maps used:
D:1:      kilobyte_arrival_exit_the_forest
D:2:      lemuel_old_faithful
D:3:      st_stairs_6
D:4:      grunt_temple_overflow_gold_and_silver, led_xom_imps, serial_shops,
          nicolae_shop_waterfront, kennysheep_generic_room_3
D:5:      minitemple, basic_altar, first_bread, serial_shops,
          nicolae_shop_behind_doors, grunt_decor_fettered
D:6:      minmay_temple_entry_from_below_a
D:7:      basic_altar
D:8:      lemuel_zombie_altar_yredelemnul, uniq_duvessa, uniq_grum, uniq_maurice
D:9:      tso_oasis_becter, uniq_edmund
D:10:     dpeg_oklobed_lair, orc_0_dummy, uniq_harold
D:11:     portal_ice_cave_entry_ice_statue_01, the_bakery, uniq_urug,
          uniq_gastronok
Lair:2:   beast_lair_carwin_large_2, uniq_erica

Action                   |  1- 3 |  4- 6 |  7- 9 | 10-12 || total
-------------------------+-------+-------+-------+-------++-------
Melee: Mace              |   110 |   186 |   270 |       ||   566
       Flail             |       |       |    37 |   359 ||   396
 Fire: Blowgun           |       |       |    24 |    10 ||    34
Throw: Stone             |       |    13 |       |     4 ||    17
       Javelin           |       |       |       |     3 ||     3
Evoke: Rod               |       |       |    38 |    89 ||   127
  Use: Scroll            |       |     1 |    15 |     6 ||    22
 Stab: Paralysed         |     1 |     1 |     1 |       ||     3
       Petrifying        |       |       |     1 |       ||     1
       Confused          |       |       |       |     1 ||     1
